 Dungeon Crawl Stone Soup version 0.31-a0-188-g5e087ee2ca (webtiles) character file.

Game seed: 682608444507067559

222 qw the Skirmisher (level 5, -5/29 HPs)
             Began as a Deep Elf Hunter on June 22, 2023.
             Engulfed by a steam dragon's steam (6 damage)
             ... on level 4 of the Dungeon.
             The game lasted 00:01:17 (3191 turns).

qw the Skirmisher (Deep Elf Hunter)                 Turns: 3191, Time: 00:01:17

Health: -5/29      AC:  3    Str: 16    XL:     5   Next: 66%
Magic:  7/7        EV: 13    Int: 14    God:
Gold:   144        SH:  0    Dex: 18    Spells: 4/4 levels left

rFire   . . .        Y - +1 shortbow
rCold   . . .        (shield currently unavailable)
rNeg    . . .        c - +0 leather armour
rPois   .            (no helmet)
rElec   .            (no cloak)
rCorr   .            (no gloves)
SInv    .            (no boots)
Will    +....        (no amulet)
Stlth   ++           e - +6 ring of strength
HPRegen 0.24/turn    (no ring)
MPRegen 0.10/turn

%: no passive effects
@: enlightened, flying
A: no striking features
a: no special abilities


You were on level 4 of the Dungeon.
You visited 1 branch of the dungeon, and saw 5 of its levels.

You collected 144 gold pieces.


   Skills:
 + Level 1.5 Fighting
 - Level 9.0 Ranged Weapons
 - Level 3.1 Dodging
 - Level 1.2 Stealth


You had 4 spell levels left.
You didn't know any spells.
Your spell library was empty.

Inventory:

Hand Weapons
 Y - a +1 shortbow (weapon)
Armour
 c - a +0 leather armour (worn)
Jewellery
 e - a +6 ring of strength (left hand)
Potions
 b - a potion of curing {unknown}
 d - a potion of enlightenment
 f - a potion of degeneration {unknown}

Dungeon Overview and Level Annotations

Branches:
Dungeon (5/15)
 Temple: D:4-7

Altars:
Nemelex Xobeh
Zin
The Shining One


Message History

The arrow hits the steam dragon but does no damage.
You shoot an arrow.
The arrow hits the steam dragon but does no damage.
You shoot an arrow.
The arrow hits the steam dragon but does no damage.
The steam dragon breathes steam at you. The ball of steam hits you!
3183 ||| STAIRDANCE You are engulfed in a cloud of scalding steam.
The steam dragon barely misses you. The steam dragon misses you.
You fly upwards.
There is a stone staircase leading down here.
You shoot an arrow. The arrow hits the steam dragon.
The steam dragon is lightly wounded.
The steam dragon closely misses you. The steam dragon barely misses you.
You shoot an arrow. The arrow hits the steam dragon.
The steam dragon is lightly wounded.
The steam dragon closely misses you. The steam dragon barely misses you.
You shoot an arrow. The arrow hits the steam dragon!
The steam dragon is heavily wounded.
The steam dragon breathes steam at you. The ball of steam hits you!
You shoot an arrow.
The arrow hits the steam dragon but does no damage.
The steam dragon is heavily wounded.
You are engulfed in a cloud of scalding steam.
The steam dragon barely misses you. x2
3189 ||| DRINKING potion of heal wounds.
You feel much better.
You are engulfed in a cloud of scalding steam.
The steam dragon barely misses you.
The steam dragon claws you but does no damage.
You shoot an arrow. The arrow hits the steam dragon.
The steam dragon is severely wounded.
You are engulfed in a cloud of scalding steam.
The steam dragon bites you. The steam dragon completely misses you.
You shoot an arrow. The arrow hits the steam dragon.
The steam dragon is severely wounded.
You are engulfed in a cloud of scalding steam.
You die...

#......%...........# #
#...)..............# #
#..................# #
############.....########## #
#..........#.....# #
#[.........#.....# #
#....##....#.....# #
#....##....#ยค....########## #
#..........#.@............# #
#.....)....'..D...........# #
#....###+###..............####
#....#.......<................
#....#........................
#....+......##'#########'#....
#....#......#....#....#..+....
#'####(.....#....#....+..#....
#....#......#....'....#..#####


You could see a steam dragon.

Vanquished Creatures
  A hound (D:4)
  An iguana (D:4)
  A gnoll (D:4)
  4 adders
  An ufetubus (D:4)
  2 worms
  5 dart slugs
  6 orcs
  7 ball pythons
  7 endoplasms
  3 giant cockroaches
  9 goblins
  15 hobgoblins
  3 quokkas
  2 bats
  4 frilled lizards
  13 kobolds
  4 rats
88 creatures vanquished.

Notes
Turn   | Place    | Note
-------+----------+-------------------------------------------
     0 | D:1      | qw the Deep Elf Hunter began the quest for the Orb.
     0 | D:1      | Reached XP level 1. HP: 12/12 MP: 3/3
     0 | D:1      | 0 ||| qw: Version: 0.3-a-9-g12657ce
     0 | D:1      | 0 ||| qw: Game counter: 2993
     0 | D:1      | 0 ||| qw: Always use a shield: true
     0 | D:1      | 0 ||| qw: God list: Okawaru
     0 | D:1      | 0 ||| qw: Allow faded altars: false
     0 | D:1      | 0 ||| qw: Do Orc after D:15 true
     0 | D:1      | 0 ||| qw: Do second Lair branch before Depths: true
     0 | D:1      | 0 ||| qw: Lair rune preference: random
     0 | D:1      | 0 ||| qw: Plans: Normal
     0 | D:1      | 0 ||| PLANNING D:1-11
    81 | D:1      | Reached XP level 2. HP: 16/16 MP: 4/4
   108 | D:1      | Reached skill level 6 in Ranged Weapons
   430 | D:1      | Reached XP level 3. HP: 20/20 MP: 5/5
   471 | D:1      | 471 ||| READING scroll labelled GASSIS BEDEURHU.
   472 | D:1      | 472 ||| READING scroll labelled QUHIEPHALA.
   473 | D:1      | 473 ||| READING scroll labelled XUSICR GOQEHEC.
   474 | D:1      | 474 ||| DROPPING scroll of butterflies.
   595 | D:2      | Reached skill level 7 in Ranged Weapons
   595 | D:2      | 595 ||| FLEEEEING.
   596 | D:2      | 596 ||| FLEEEEING.
   597 | D:2      | 597 ||| FLEEEEING.
   598 | D:2      | 598 ||| FLEEEEING.
   599 | D:2      | 599 ||| STAIRDANCE
   621 | D:1      | 621 ||| READING scroll labelled MUVECA CINUSIY.
   624 | D:2      | 624 ||| STAIRDANCE
   629 | D:1      | HP: 4/20 [worm (9)]
  1191 | D:2      | Reached XP level 4. HP: 25/25 MP: 6/6
  1312 | D:2      | 1312 ||| READING scroll labelled QEUDEH YDEOJYG.
  1313 | D:2      | 1313 ||| DRINKING 2 clear potions.
  1314 | D:2      | 1314 ||| DROPPING potion of brilliance.
  2095 | D:3      | Reached skill level 8 in Ranged Weapons
  2131 | D:3      | Found a glowing golden altar of the Shining One.
  2366 | D:3      | 2366 ||| UPGRADING to +6 ring of strength.
  2367 | D:3      | 2367 ||| READING scroll labelled POTEIRRANI.
  2399 | D:4      | Reached skill level 3 in Dodging
  2399 | D:4      | Reached XP level 5. HP: 29/29 MP: 7/7
  2725 | D:4      | Found a glowing silver altar of Zin.
  2725 | D:4      | Found a sparkling altar of Nemelex Xobeh.
  3035 | D:4      | 3035 ||| READING scroll labelled LAOPOPT MAAN.
  3036 | D:4      | 3036 ||| READING scroll labelled QAWUM PEKUYGG.
  3043 | D:4      | 3043 ||| FLEEEEING.
  3044 | D:4      | 3044 ||| FLEEEEING.
  3045 | D:4      | 3045 ||| FLEEEEING.
  3046 | D:4      | 3046 ||| FLEEEEING.
  3047 | D:4      | 3047 ||| FLEEEEING.
  3048 | D:4      | 3048 ||| FLEEEEING.
  3049 | D:4      | 3049 ||| FLEEEEING.
  3050 | D:4      | 3050 ||| FLEEEEING.
  3051 | D:4      | 3051 ||| FLEEEEING.
  3052 | D:4      | 3052 ||| FLEEEEING.
  3067 | D:4      | Reached skill level 9 in Ranged Weapons
  3166 | D:4      | 3166 ||| DRINKING 2 fuming orange potions.
  3167 | D:4      | 3167 ||| DRINKING 2 grey potions.
  3179 | D:5      | Entered Level 5 of the Dungeon
  3179 | D:5      | Noticed a steam dragon
  3183 | D:5      | 3183 ||| STAIRDANCE
  3188 | D:4      | HP: 2/29 [steam dragon] (7)]
  3189 | D:4      | 3189 ||| DRINKING potion of heal wounds.
  3191 | D:4      | Engulfed by a steam dragon's steam

Levels and vault maps discovered:
D:1:      matt_arrival_grand_opening, layout_rooms, minmay_unequal
D:2:      layout_basic
D:3:      layout_basic, marbit_many_paths
D:4:      layout_gridville, grunt_temple_overflow_open, minmay_surrounded
D:5:      layout_basic, mainiacjoe_overflow_tiny_flanked,
          mainiacjoe_overflow_alcove_1, serial_bayou_lake_a, uniq_ijyb,
          uniq_edmund, uniq_pikel, uniq_crazy_yiuf_cottage

Skill      XL: |  1  2  3  4  5 |
---------------+----------------+-----
Ranged Weapons | 6 7 8 9 |  9.0
Dodging        | 3 |  3.1
Fighting       | |  1.5
Stealth        | |  1.2

Action                     |  1- 3 |  4- 6 || total
---------------------------+-------+-------++-------
   Fire: Shortbow          |   116 |   138 ||   254
    Use: Scroll            |     4 |     4 ||     8
         Potion            |       |     4 ||     4
 Armour: Leather armour    |     4 |    10 ||    14
  Dodge: Dodged            |    18 |    43 ||    61

Table legend:
 A = Non-vault XP
 B = Vault XP
 C = Vault XP percentage of total XP
 D = Non-vault monster count
 E = Vault monster count
 F = Vault count percentage of total count
                 A         B        C        D         E       F
            +---------+---------+-------+---------+---------+-------
      Total |     282 |      36 |  11.3 |      82 |       6 |   6.8
            +---------+---------+-------+---------+---------+-------
        D:1 |      47 |       1 |   2.1 |      23 |       1 |   4.2
        D:2 |      52 |       0 |   0.0 |      22 |       0 |   0.0
        D:3 |      47 |      14 |  23.0 |      18 |       1 |   5.3
        D:4 |     136 |      21 |  13.4 |      19 |       4 |  17.4
            +---------+---------+-------+---------+---------+-------
